 Dungeon Sprint DCSS version 0.30.1-11-g7821555f0a (webtiles) character file.

Game seed: 17485265060697910381

4400000 boopmooplesden the Axe Maniac (level 21, -34/224 HPs)
             Began as a Minotaur Gladiator on Nov 8, 2023.
             Was the Champion of Makhleb.
             Annihilated by a sculptor of flesh
             ... wielding a +9 great sword
              (258 damage)
             ... in the Dungeon (Sprint VIII: "Arena of Blood").
             The game lasted 00:03:01 (44 turns).

boopmooplesden the Axe Maniac (Minotaur Gladiator)    Turns: 44, Time: 00:03:02

Health: -34/224    AC:  6    Str: 28    XL:     21   Next: 56%
Magic:  19/34      EV: 26    Int:  5    God:    Makhleb [******]
Gold:   0          SH:  0    Dex: 14    Spells: 40/40 levels left

rFire   . . .        l - +∞ Axe of Woe
rCold   . . .        (shield currently unavailable)
rNeg    . . .        b - +0 leather armour
rPois   .            c - +0 hat
rElec   .            (no cloak)
rCorr   .            (no gloves)
SInv    .            (no boots)
Will    +....        (no amulet)
Stlth   +++++        m - +30 ring of slaying
HPRegen 0.57/turn    o - +200 ring of slaying
MPRegen 0.24/turn

%: no teleportation
@: hasted, very quick
A: horns 2, retaliatory headbutt
a: Renounce Religion, Minor Destruction, Lesser Servant of Makhleb, Major
Destruction, Greater Servant of Makhleb


You were in the Dungeon.
You worshipped Makhleb.
Makhleb was exalted by your worship.
You visited 1 branch

Inventory:

Hand Weapons
 a - a +0 war axe
 l - the +∞ Axe of Woe (weapon)
   (You found it in the Dungeon)
Missiles
 d - 3 throwing nets (quivered)
 e - a javelin
Armour
 b - a +0 leather armour (worn)
 c - a +0 hat (worn)
Jewellery
 m - a +30 ring of slaying (left hand)
 n - a +30 ring of slaying
 o - a +200 ring of slaying (right hand)
Scrolls
 k - a scroll of blinking
Potions
 f - a potion of curing
 g - a potion of heal wounds
 i - 2 potions of magic
 j - a potion of berserk rage


   Skills:
 O Level 27 Fighting
 + Level 15.7(18.3) Short Blades
 + Level 17.0(19.8) Long Blades
 O Level 27 Axes
 + Level 17.0(25.7) Maces & Flails
 + Level 17.0(25.7) Polearms
 + Level 17.0(22.2) Staves
 + Level 15.7 Ranged Weapons
 O Level 27 Throwing
 O Level 27 Armour
 O Level 27 Dodging
 + Level 13.3 Stealth
 + Level 17.0 Shields
 + Level 15.7 Unarmed Combat
 + Level 10.4 Spellcasting
 + Level 11.3 Conjurations
 + Level 11.6 Hexes
 + Level 11.3 Summonings
 + Level 11.3 Necromancy
 + Level 11.3 Translocations
 + Level 12.3 Transmutations
 + Level 12.6 Fire Magic
 + Level 12.6 Ice Magic
 + Level 12.6 Air Magic
 + Level 13.7 Earth Magic
 + Level 12.6 Poison Magic
 + Level 16.1 Invocations
 + Level 14.8 Evocations


You had 40 spell levels left.
You didn't know any spells.
Your spell library was empty.

Dungeon Overview and Level Annotations

Branches:
Dungeon (1/1)

Altars:
Makhleb


Innate Abilities, Weirdness & Mutations

You have a pair of horns on your head.
You reflexively headbutt those who attack you in melee.


Message History

Your base Maces & Flails skill gained 2 levels and is now at level 17!
Your base Polearms skill gained 2 levels and is now at level 17!
Your base Staves skill gained 2 levels and is now at level 17!
Your Ranged Weapons skill increases to level 15!
Your Stealth skill increases to level 13!
Your Shields skill gained 2 levels and is now at level 17!
Your Unarmed Combat skill increases to level 15!
Your Spellcasting skill increases to level 10!
Your Conjurations skill increases to level 11!
Your Hexes skill increases to level 11!
Your Summonings skill increases to level 11!
Your Necromancy skill increases to level 11!
Your Translocations skill increases to level 11!
Your Transmutations skill increases to level 12!
Your Fire Magic skill increases to level 12!
Your Ice Magic skill increases to level 12!
Your Air Magic skill increases to level 12!
Your Earth Magic skill increases to level 13!
Your Poison Magic skill increases to level 12!
Your Invocations skill increases to level 16!
Your Evocations skill increases to level 14!
Unknown command.
A large bag of meat, a destroyer, a sculptor of flesh and a bag of meat come into view.
The destroyer is wielding a +9 heavy great sword.
The accursed appears out of thin air!
An accursed comes into view.
The bag of meat is engulfed in blazing flames.
The bag of meat misses you.
The bag of meat is engulfed in blazing flames.
The bag of meat hits you with a +9 war axe!
A bag of meat comes into view. It is wielding a +9 war axe. x2
The bag of meat completely misses you. You furiously retaliate!
You headbutt the bag of meat!!!!!
You kill the bag of meat!
Makhleb accepts your kill.
You feel better.
You hear a shout! x2
The sculptor of flesh hits you with a +9 great sword!!!!!
Ouch! That really hurt!
You die...

oo......#.#....
zoVOM§.....V....
oVOo..........z.
...o........O.§.
..........O....
....oo.........
#.O.oo§§# .
#..o@§°.# ...
.###V.z)§o§###....
......###)o)......
......._oOo.......
....#..§§§#o......
....#_o<._#.......
... #o...V#......#
...z..._..........
......###.........


You could see an accursed (wandering), 4 destroyers, 3 sculptors of flesh, 3
large bags of meat, 3 meat berserkers and 15 bags of meat.

Vanquished Creatures
  5 vampire knights (D)
  17 ogres (D)
  2 two-headed ogres (D)
  A hydra (D)
  24 orcs (D)
  2 skeletal warriors (D)
51 creatures vanquished.

Notes
Turn   | Place    | Note
-------+----------+-------------------------------------------
     0 | D        | Found the +∞ Axe of Woe
     0 | D        | boopmooplesden the Minotaur Gladiator began the quest for
                  | the Orb.
     0 | D        | Reached XP level 1. HP: 18/18 MP: 0/0
     2 | D        | Noticed a bag of meat
     2 | D        | Noticed a bag of meat
     2 | D        | Noticed a meat berserker
     4 | D        | Became a worshipper of Makhleb the Destroyer
     4 | D        | Noticed a bag of meat
     5 | D        | Noticed a meat berserker
     5 | D        | Noticed a bag of meat
     5 | D        | Noticed a bag of meat
     6 | D        | Noticed a meat berserker
     6 | D        | Noticed a meat berserker
     7 | D        | Noticed a bag of meat
     7 | D        | Killed a bag of meat
     7 | D        | Killed a meat berserker
     7 | D        | Reached * piety under Makhleb
     8 | D        | Reached skill level 10 in Throwing
     8 | D        | Reached XP level 2. HP: 44/44 MP: 1/1
     8 | D        | Reached XP level 3. HP: 50/50 MP: 2/2
     8 | D        | Reached XP level 4. HP: 58/58 MP: 3/3
     8 | D        | Reached XP level 5. HP: 64/64 MP: 4/4
     8 | D        | Reached XP level 6. HP: 72/72 MP: 5/5
     8 | D        | Reached XP level 7. HP: 79/79 MP: 6/6
     8 | D        | Reached XP level 8. HP: 86/86 MP: 7/7
     8 | D        | Reached XP level 9. HP: 93/93 MP: 8/8
     8 | D        | Reached XP level 10. HP: 101/101 MP: 9/9
     8 | D        | Reached XP level 11. HP: 107/107 MP: 10/10
     8 | D        | Reached XP level 12. HP: 115/115 MP: 11/11
     8 | D        | Killed a bag of meat
     8 | D        | Killed a bag of meat
     8 | D        | Noticed a bag of meat
     9 | D        | Reached skill level 15 in Fighting
     9 | D        | Reached skill level 27 in Axes
     9 | D        | Reached XP level 13. HP: 126/126 MP: 12/12
     9 | D        | Killed a meat berserker
     9 | D        | Reached ** piety under Makhleb
    10 | D        | Reached skill level 27 in Dodging
    10 | D        | Reached XP level 14. HP: 140/140 MP: 13/13
    10 | D        | Killed a bag of meat
    11 | D        | Reached skill level 15 in Throwing
    11 | D        | Noticed a meat berserker
    12 | D        | Killed a meat berserker
    12 | D        | Killed a bag of meat
    12 | D        | Reached *** piety under Makhleb
    12 | D        | Killed a bag of meat
    12 | D        | Killed a meat berserker
    12 | D        | Noticed a meat berserker
    12 | D        | Noticed a bag of meat
    13 | D        | Reached skill level 27 in Fighting
    13 | D        | Reached XP level 15. HP: 174/174 MP: 14/14
    13 | D        | Noticed a meat berserker
    14 | D        | Noticed a meat berserker
    14 | D        | Noticed a meat berserker
    15 | D        | Killed a meat berserker
    15 | D        | Noticed a meat berserker
    16 | D        | Reached skill level 5 in Armour
    16 | D        | Reached XP level 16. HP: 167/183 MP: 15/15
    17 | D        | Killed a meat berserker
    17 | D        | Reached **** piety under Makhleb
    17 | D        | Noticed a meat berserker
    18 | D        | Reached skill level 27 in Throwing
    18 | D        | Killed a meat berserker
    18 | D        | Killed a meat berserker
    18 | D        | Reached ***** piety under Makhleb
    18 | D        | Noticed a destroyer
    18 | D        | Noticed a meat berserker
    19 | D        | Reached skill level 27 in Armour
    19 | D        | Reached XP level 17. HP: 191/191 MP: 16/16
    20 | D        | Killed a meat berserker
    20 | D        | Killed a meat berserker
    21 | D        | Reached skill level 5 in Stealth
    21 | D        | Reached skill level 5 in Earth Magic
    21 | D        | Reached skill level 5 in Evocations
    22 | D        | Reached skill level 5 in Fire Magic
    22 | D        | Reached skill level 5 in Ice Magic
    22 | D        | Reached skill level 5 in Air Magic
    22 | D        | Reached skill level 5 in Poison Magic
    22 | D        | Noticed a meat berserker
    23 | D        | Reached skill level 5 in Conjurations
    23 | D        | Reached skill level 5 in Hexes
    23 | D        | Reached skill level 5 in Summonings
    23 | D        | Reached skill level 5 in Necromancy
    23 | D        | Reached skill level 5 in Translocations
    23 | D        | Reached skill level 5 in Transmutations
    23 | D        | Reached XP level 18. HP: 200/200 MP: 16/23
    24 | D        | Killed a meat berserker
    24 | D        | Reached ****** piety under Makhleb
    25 | D        | Reached skill level 5 in Spellcasting
    25 | D        | Noticed a large bag of meat
    25 | D        | Killed a destroyer
    25 | D        | Killed a meat berserker
    26 | D        | Reached skill level 10 in Long Blades
    26 | D        | Reached skill level 10 in Maces & Flails
    26 | D        | Reached skill level 10 in Polearms
    26 | D        | Reached skill level 10 in Staves
    26 | D        | Reached skill level 10 in Shields
    26 | D        | Reached skill level 10 in Unarmed Combat
    26 | D        | Reached skill level 10 in Invocations
    26 | D        | Reached XP level 19. HP: 207/207 MP: 16/27
    26 | D        | Noticed a destroyer
    26 | D        | Noticed a meat berserker
    27 | D        | Noticed a destroyer
    28 | D        | Killed a meat berserker
    29 | D        | Reached skill level 10 in Evocations
    29 | D        | Noticed an eight-headed meat hydra
    29 | D        | Noticed a meat berserker
    31 | D        | Noticed a large bag of meat
    31 | D        | Killed a large bag of meat
    31 | D        | Noticed a destroyer
    32 | D        | Killed a meat berserker
    32 | D        | Noticed a large bag of meat
    32 | D        | Noticed a meat berserker
    33 | D        | Reached skill level 10 in Earth Magic
    34 | D        | Noticed a large bag of meat
    35 | D        | Killed a meat berserker
    35 | D        | Noticed a meat berserker
    36 | D        | Reached skill level 10 in Stealth
    36 | D        | Killed a destroyer
    37 | D        | Reached XP level 20. HP: 62/216 MP: 18/31
    37 | D        | Killed a destroyer
    38 | D        | Reached skill level 10 in Transmutations
    38 | D        | Reached skill level 10 in Fire Magic
    38 | D        | Reached skill level 10 in Ice Magic
    38 | D        | Reached skill level 10 in Air Magic
    38 | D        | Reached skill level 10 in Poison Magic
    38 | D        | Noticed a destroyer
    38 | D        | Noticed a destroyer
    39 | D        | Noticed a destroyer
    39 | D        | Noticed a meat berserker
    39 | D        | Noticed a destroyer
    40 | D        | Killed a large bag of meat
    40 | D        | Killed a destroyer
    40 | D        | Killed a nine-headed meat hydra
    40 | D        | Noticed a meat berserker
    40 | D        | Noticed a meat berserker
    41 | D        | Reached skill level 15 in Long Blades
    41 | D        | Reached skill level 15 in Maces & Flails
    41 | D        | Reached skill level 15 in Polearms
    41 | D        | Reached skill level 15 in Staves
    41 | D        | Reached skill level 15 in Shields
    41 | D        | Reached skill level 10 in Conjurations
    41 | D        | Reached skill level 10 in Hexes
    41 | D        | Reached skill level 10 in Summonings
    41 | D        | Reached skill level 10 in Necromancy
    41 | D        | Reached skill level 10 in Translocations
    42 | D        | Killed a meat berserker
    43 | D        | Reached skill level 15 in Invocations
    43 | D        | Reached XP level 21. HP: 171/224 MP: 19/33
    43 | D        | Killed a destroyer
    43 | D        | Noticed a destroyer
    44 | D        | Reached skill level 15 in Short Blades
    44 | D        | Reached skill level 15 in Ranged Weapons
    44 | D        | Reached skill level 15 in Unarmed Combat
    44 | D        | Reached skill level 10 in Spellcasting
    44 | D        | Noticed a large bag of meat
    44 | D        | Noticed a destroyer
    44 | D        | Annihilated by a sculptor of flesh

Illustrated notes

Levels and vault maps discovered:
D:        meatsprint

Skill      XL: |  1  2  3  4  5  6  7  8  9 10 11 12 13 14 15 16 17 18 19 20 21 |
---------------+----------------------------------------------------------------+-----
Fighting       | 13 15 17 27 | 27.0
Axes           | 24 27 | 27.0
Throwing       | 10 11 13 23 26 27 | 27.0
Dodging        | 21 24 27 | 27.0
Armour         | 5 27 | 27.0
Short Blades   | 7 9 12 14 15 | 15.7
Long Blades    | 8 10 13 15 17 | 17.0
Maces & Flails | 8 10 13 15 17 | 17.0
Polearms       | 8 10 13 15 17 | 17.0
Staves         | 8 10 13 15 17 | 17.0
Ranged Weapons | 7 9 12 14 15 | 15.7
Stealth        | 6 8 10 12 13 | 13.3
Shields        | 8 10 13 15 17 | 17.0
Unarmed Combat | 7 10 12 14 15 | 15.7
Spellcasting   | 4 6 8 9 10 | 10.4
Conjurations   | 5 6 8 10 11 | 11.3
Hexes          | 5 7 9 10 11 | 11.6
Summonings     | 5 6 8 10 11 | 11.3
Necromancy     | 5 6 8 10 11 | 11.3
Translocations | 5 6 8 10 11 | 11.3
Transmutations | 5 7 9 11 12 | 12.3
Fire Magic     | 5 7 9 11 12 | 12.6
Ice Magic      | 5 7 9 11 12 | 12.6
Air Magic      | 5 7 9 11 12 | 12.6
Earth Magic    | 6 8 10 12 13 | 13.7
Poison Magic   | 5 7 9 11 12 | 12.6
Invocations    | 7 10 12 15 16 | 16.1
Evocations     | 6 9 11 13 14 | 14.8

Action                     |  1- 3 |  4- 6 |  7- 9 | 10-12 | 13-15 | 16-18 | 19-21 || total
---------------------------+-------+-------+-------+-------+-------+-------+-------++-------
  Melee: Executioner's axe |     1 |       |       |     1 |     4 |     8 |    12 ||    26
    Use: Potion            |       |       |       |       |       |       |     1 ||     1
  Dodge: Dodged            |       |       |       |       |       |       |     2 ||     2
